 Dungeon Crawl Stone Soup version 0.18.1-50-g88ac8fd (webtiles) character file.

13274 grisgris the Covert (level 11, -3/81 HPs)
             Began as a Vampire Enchanter on Oct 16, 2016.
             Was a High Priest of Dithmenos.
             Slain by a killer bee (4 damage)
             ... on level 1 of the Lair of Beasts.
             The game lasted 00:50:55 (13150 turns).

grisgris the Covert (Vampire Enchanter)            Turns: 13150, Time: 00:50:56

Health: -3/81      AC:  9    Str: 10    XL:     11   Next: 73%
Magic:  19/20      EV: 16    Int: 25    God:    Dithmenos [*****.]
Gold:   718        SH:  5    Dex: 14    Spells: 3 memorised, 14 levels left

rFire  x . .     SeeInvis +     L - +1 dagger (speed)
rCold  + . .     Gourm    .     b - +2 robe
rNeg   + + .     Faith    +     y - +0 buckler
rPois  +         Spirit   .     I - +0 helmet {Int+3}
rElec  +         Dismiss  .     f - +0 cloak
rCorr  .         Reflect  .     (no gloves)
SustAt .         Harm     .     H - +2 pair of boots "Lin Kyrr" {rElec rF- Regen+ Dex-2}
MR     +....                    j - amulet of faith
Stlth  ++++++++++               g - +2 ring of strength
                                m - +3 ring of intelligence

@: about to teleport, regenerating slowly, wreathed by umbra, somewhat resistant
to hostile enchantments, uncannily stealthy
A: fangs 3, see invisible, unbreathing
a: Bat Form, Shadow Step, Shadow Form, Renounce Religion


You were on level 1 of the Lair of Beasts.
You worshipped Dithmenos.
Dithmenos was extremely pleased with you.
You were very thirsty.

You visited 4 branches of the dungeon, and saw 14 of its levels.
You also visited: Sewer.

You collected 1082 gold pieces.
You spent 364 gold pieces at shops.

Inventory:

Hand Weapons
 a - a +1 dagger
 q - a +1 dagger of draining
 L - a +1 dagger of speed (weapon)
Armour
 b - a +2 robe (worn)
 f - a +0 cloak (worn)
 y - a +0 buckler (worn)
 H - the +2 pair of boots "Lin Kyrr" (worn) {rElec rF- Regen+ Dex-2}
   (You found it on level 5 of the Dungeon)

   It affects your dexterity (-2).
   It makes you vulnerable to fire.
   It insulates you from electricity.
   It increases your rate of regeneration.
 I - a +0 helmet of intelligence (worn)
Jewellery
 g - a +2 ring of strength (right hand)
 j - an amulet of faith (around neck)
 m - a +3 ring of intelligence (left hand)
 t - the amulet "Ceagh" {Dismiss Str+4}
   (You found it on level 6 of the Dungeon)

   [amulet of dismissal]

   It may teleport away creatures that harm you.
   It affects your strength (+4).
 D - an uncursed amulet of regeneration
 E - an uncursed amulet of guardian spirit
Wands
 o - a wand of iceblast (11/15)
 r - a wand of paralysis (15/24)
 s - a wand of slowing (31/48)
 B - a wand of lightning (8/15)
 C - a wand of lightning (13/15)
Scrolls
 i - 8 scrolls of teleportation
 l - a scroll of fear
 n - 4 scrolls of amnesia
 p - 2 scrolls of blinking
 w - 3 scrolls of remove curse
 G - a scroll of identify
 J - a scroll of fog
Potions
 d - a potion of haste
 e - 3 potions of ambrosia
 h - a potion of brilliance
 k - 5 potions of magic
 u - 2 potions of curing
 v - 2 potions of cure mutation
 x - a potion of resistance
 z - 2 potions of invisibility
 A - a potion of cancellation
 F - a potion of flight
 K - a potion of berserk rage
 M - 2 potions of agility
Books
 c - a book of Maledictions

   Spells                             Type                      Level
   a - Corona                         Hexes                        1
   b - Ensorcelled Hibernation        Hexes/Ice                    2
   c - Confuse                        Hexes                        3
   d - Tukima's Dance                 Hexes                        3
   e - Dazzling Spray                 Conjuration/Hexes            3


   Skills:
 + Level 5.8 Fighting
 + Level 7.3 Short Blades
 + Level 7.7 Dodging
 * Level 14.6 Stealth
 + Level 2.9 Shields
 + Level 6.4 Spellcasting
 + Level 10.6 Hexes
 + Level 6.0 Ice Magic


You had 14 spell levels left.
You knew the following spells:

 Your Spells              Type           Power        Failure   Level  Hunger
a - Ensorcelled Hibernat  Hex/Ice        #####.       1%          2    None
b - Confuse               Hex            ######..     1%          3    None
c - Tukima's Dance        Hex            ######..     1%          3    None


Dungeon Overview and Level Annotations

Branches:
Dungeon (10/15)            Temple (1/1) D:7            Lair (1/8) D:9
    Orc (2/2) D:10
    Elf: Orc:2

Altars:
Ashenzari
Cheibriados
Dithmenos
Elyvilon
Fedhas
Gozag
Kikubaaqudgha
Makhleb
Nemelex Xobeh
Okawaru
Pakellas
Qazlal
Ru
Sif Muna
Trog
Vehumet
Xom
Yredelemnul
Zin
The Shining One
Beogh

Shops:
D:7 !   D:9 [

Annotations:
D:3 Natasha


Innate Abilities, Weirdness & Mutations

You heal slowly.
You have razor-sharp teeth.
You have supernaturally acute eyesight.
You can survive without breathing.


Message History

The killer bee misses you. x2; You block the killer bee's attack.
The killer bee barely misses you. The killer bee closely misses you. x3
The killer bee rages.
Drink which item? (? for menu, Esc to quit)
You feel better. The killer bee misses you.
The killer bee completely misses you. The killer bee closely misses you.
The killer bee completely misses you. You block the killer bee's attack.
The killer bee barely misses you. The killer bee completely misses you.
The killer bee misses you. You block the killer bee's attack.
Drink which item? (? for menu, Esc to quit)
You feel better. The killer bee closely misses you. x2
The killer bee stings you!
* * * LOW HITPOINT WARNING * * *
The killer bee rages.
The killer bee completely misses you. You block the killer bee's attack.
The killer bee stings you!
* * * LOW HITPOINT WARNING * * *
The killer bee barely misses you. You block the killer bee's attack.
The killer bee stings you.
You die...

##### ....#
..... # .....
##. ..... ##..
...# #######..#
### ##.......y##
# ........yy@#
## .........y##
.# ?.......y# ##
######.)..## .##
%%%..#....# ..#
..%.%.....# #.##
%.%%%#....#
.#.########...##
.##..........##


You could see 5 killer bees.

Vanquished Creatures
  Fannar (D:10)
  The ghost of nikopol the Cleaver, a journeyman MiBe of Trog (Lair:1)
  The ghost of Scuka the Grappler, a novice TrMo of Trog (D:9)
  2 hydras (Lair:1)
  An orc high priest (Orc:1)
  An orc knight (Orc:1)
  The ghost of Korbac the Skirmisher, a novice DsBe of Trog (D:5)
  2 gargoyles
  A troll (D:9)
  Grinder (D:6)
  A blink frog (D:9)
  A spriggan (D:8)
  Sigmund (D:2)
  A wraith (D:10)
  A yak (D:9)
  A hippogriff (Lair:1)
  2 ice beasts
  2 porcupines (Lair:1)
  A black bear (D:9)
  11 orc warriors
  A sky beast (D:10)
  4 phantoms
  9 ogres
  2 crocodiles (Lair:1)
  4 centaurs
  2 big kobolds (D:9)
  15 giant frogs
  A wyvern skeleton (D:9)
  4 scorpions
  2 troll zombies (D:10)
  A howler monkey (D:9)
  7 crimson imps
  2 giant frog zombies
  A quasit (D:9)
  Crazy Yiuf (D:4)
  3 jellies
  9 orc priests
  2 hounds
  A giant frog skeleton (D:10)
  4 iguanas
  16 orc wizards
  Natasha (D:3)
  6 worker ants
  A killer bee zombie (D:9)
  4 ogre zombies (D:10)
  2 hound skeletons
  2 worker ant zombies (D:7)
  5 gnolls (D:7)
  11 adders
  2 river rats
  2 shadow imps
  2 oozes
  2 adder skeletons
  2 adder zombies (D:5)
  3 worms
  3 dart slugs
  3 giant geckos
  68 orcs
  6 giant cockroaches
  7 goblins
  7 hobgoblins
  14 jackals
  17 kobolds
  4 quokkas
  7 ball pythons
  9 bats
  9 giant newts
  3 goblin skeletons (D:10)
  2 goblin zombies (D:10)
  A hobgoblin skeleton (D:10)
  A hobgoblin zombie (D:10)
  4 orc skeletons (D:10)
  8 orc zombies (D:10)
  A quokka skeleton (D:7)
  14 rats
  2 butterflies (Lair:1)
360 creatures vanquished.

Notes
Turn   | Place    | Note
--------------------------------------------------------------
     0 | D:1      | grisgris the Vampire Enchanter began the quest for the Orb.
     0 | D:1      | Reached XP level 1. HP: 13/13 MP: 3/3
    74 | D:2      | Reached XP level 2. HP: 19/20 MP: 3/5
    78 | D:2      | Learned a level 2 spell: Ensorcelled Hibernation
   195 | D:2      | Noticed Sigmund
   716 | D:1      | Reached XP level 3. HP: 25/25 MP: 6/6
   756 | D:1      | Reached skill level 5 in Stealth
   953 | D:1      | Learned a level 3 spell: Confuse
   965 | D:2      | Killed Sigmund
   965 | D:2      | Reached skill level 1 in Fighting
   965 | D:2      | Reached skill level 6 in Stealth
   965 | D:2      | Reached skill level 5 in Hexes
   965 | D:2      | Reached XP level 4. HP: 3/32 MP: 1/8
   965 | D:2      | Reached XP level 5. HP: 3/37 MP: 1/9
  1279 | D:2      | Found a faded altar to an unknown god.
  1843 | D:3      | Reached XP level 6. HP: 43/43 MP: 10/10
  2061 | D:3      | Found a glowing drain.
  2064 | D:3      | Noticed Natasha
  2080 | D:3      | Killed Natasha
  2084 | Sewer    | Entered a sewer
  2161 | Sewer    | Reached skill level 7 in Stealth
  2278 | Sewer    | Reached skill level 1 in Ice Magic
  2935 | D:3      | Found a shattered altar of Ashenzari.
  2938 | D:3      | Noticed Natasha
  2938 | D:3      | Found a sparkling altar of Nemelex Xobeh.
  2940 | D:3      | Found a glowing golden altar of the Shining One.
  3002 | D:3      | Found an iron altar of Okawaru.
  3004 | D:3      | Found an ancient bone altar of Kikubaaqudgha.
  3296 | D:4      | Noticed Crazy Yiuf
  3302 | D:4      | Killed Crazy Yiuf
  3386 | D:4      | Reached XP level 7. HP: 49/49 MP: 11/11
  3507 | D:4      | Reached skill level 8 in Stealth
  3622 | D:4      | Found a deep blue altar of Sif Muna.
  3714 | D:5      | Entered Level 5 of the Dungeon
  3726 | D:5      | Noticed Korbac's ghost (novice DsBe)
  3911 | D:6      | Got a smoking ruby amulet
  4181 | D:6      | Found a burning altar of Makhleb.
  4246 | D:6      | Reached XP level 8. HP: 57/57 MP: 6/13
  4331 | D:6      | Noticed Grinder
  4339 | D:6      | Killed Grinder
  4339 | D:6      | Reached skill level 9 in Stealth
  4952 | D:7      | Found Tues's Distillery.
  4971 | D:7      | Bought a potion of invisibility for 96 gold pieces
  4971 | D:7      | Bought a potion of cancellation for 96 gold pieces
  5143 | D:7      | Found a staircase to the Ecumenical Temple.
  5148 | Temple   | Entered the Ecumenical Temple
  5376 | Temple   | Became a worshipper of Dithmenos the Shadowed
  5378 | Temple   | Identified the amulet "Ceagh" {Dismiss Str+4} (You found it on level 6 of the Dungeon)
  5653 | D:7      | Found a snail-covered altar of Cheibriados.
  5694 | D:7      | Reached skill level 10 in Stealth
  5993 | D:8      | Learned a level 3 spell: Tukima's Dance
  6130 | D:8      | Reached skill level 5 in Dodging
  6154 | D:8      | Reached * piety under Dithmenos
  6154 | D:8      | Reached XP level 9. HP: 64/64 MP: 12/15
  6551 | D:8      | Noticed a gargoyle
  6556 | D:8      | Killed a gargoyle
  6556 | D:8      | Reached skill level 5 in Short Blades
  6556 | D:8      | Reached skill level 11 in Stealth
  6630 | D:9      | Found a snail-covered altar of Cheibriados.
  6727 | D:9      | Noticed Scuka's ghost (novice TrMo)
  6728 | D:9      | Found a staircase to the Lair.
  7139 | D:9      | Found Uweih's Armour Shoppe.
  7642 | D:5      | Killed Korbac's ghost
  7896 | D:5      | Reached skill level 5 in Spellcasting
  8387 | D:5      | Reached skill level 12 in Stealth
  8459 | D:5      | Reached XP level 10. HP: 73/73 MP: 14/17
  8479 | D:5      | Got a pair of twisted boots
  8490 | D:5      | Identified the +2 pair of boots "Lin Kyrr" {rElec rF- Regen+ Dex-2} (You found it on level 5 of the Dungeon)
  8760 | D:9      | Reached ** piety under Dithmenos
  9035 | D:9      | Bought a +0 helmet of intelligence for 172 gold pieces
  9105 | D:9      | Killed Scuka's ghost
  9557 | D:10     | Entered Level 10 of the Dungeon
  9678 | D:10     | Reached skill level 13 in Stealth
  9758 | D:10     | Reached *** piety under Dithmenos
  9761 | D:10     | Reached skill level 5 in Fighting
  9819 | D:10     | Noticed Fannar
  9833 | D:10     | Killed Fannar
  9833 | D:10     | Reached skill level 1 in Shields
  9833 | D:10     | Reached skill level 5 in Ice Magic
  9896 | D:10     | Found a staircase to the Orcish Mines.
 10304 | D:10     | Noticed a gargoyle
 10306 | D:10     | Killed a gargoyle
 10349 | D:10     | Reached XP level 11. HP: 80/80 MP: 15/19
 10916 | Orc:1    | Entered Level 1 of the Orcish Mines
 10930 | D:10     | Reached **** piety under Dithmenos
 11046 | Orc:1    | Reached skill level 10 in Hexes
 11080 | Orc:1    | You fall through a shaft!
 11080 | Orc:2    | Entered Level 2 of the Orcish Mines
 11086 | Orc:2    | Found a roughly hewn altar of Beogh.
 11108 | Orc:2    | Noticed an orc knight
 11213 | Orc:2    | Found a labyrinth entrance.
 11364 | Orc:1    | Noticed an orc knight
 11506 | Orc:1    | Killed an orc knight
 11570 | Orc:1    | Noticed an orc high priest
 11890 | Orc:1    | Reached ***** piety under Dithmenos
 11894 | Orc:1    | Reached skill level 14 in Stealth
 12070 | Orc:1    | Found a roughly hewn altar of Beogh.
 12084 | Orc:1    | Killed an orc high priest
 12591 | Lair:1   | Entered Level 1 of the Lair of Beasts
 12619 | Lair:1   | Noticed a four-headed hydra
 12626 | Lair:1   | Killed a four-headed hydra
 12799 | Lair:1   | Noticed nikopol's ghost (journeyman MiBe)
 12824 | Lair:1   | Killed nikopol's ghost
 12966 | Lair:1   | Noticed a seven-headed hydra
 12973 | Lair:1   | Killed a seven-headed hydra
 13147 | Lair:1   | HP: 2/81 [killer bee (6)]
 13150 | Lair:1   | Slain by a killer bee

Skill      XL: |  1  2  3  4  5  6  7  8  9 10 11 |
---------------+----------------------------------+-----
Stealth        | 6 7 8 10 12 13 14 | 14.6
Fighting       | 1 2 3 4 5 |  5.8
Short Blades   | 2 3 4 5 6 7 |  7.3
Dodging        | 3 4 5 6 7 |  7.7
Hexes          | 5 6 7 8 9 10 | 10.6
Spellcasting   | 3 4 5 6 |  6.4
Ice Magic      | 1 2 3 4 5 6 |  6.0
Shields        | 1 2 |  2.9

Action                   |  1- 3 |  4- 6 |  7- 9 | 10-12 || total
-------------------------+-------+-------+-------+-------++-------
Melee: Dagger            |    39 |   147 |   208 |   278 ||   672
       Bite              |     2 |     4 |     6 |    16 ||    28
       Unarmed           |       |       |       |     1 ||     1
 Cast: Corona            |     4 |     1 |       |       ||     5
       Ensorcelled Hiber |    15 |    54 |    75 |   109 ||   253
       Confuse           |     1 |       |    27 |    36 ||    64
 Abil: End Transformatio |       |       |     2 |     4 ||     6
       Bat Form          |       |       |     2 |     4 ||     6
  Use: Scroll            |       |    10 |    10 |     7 ||    27
       Potion            |       |     2 |     5 |     5 ||    12
 Stab: Sleeping          |    19 |    73 |    80 |   108 ||   280
       Confused          |       |       |    21 |    29 ||    50
  Eat: Corpse            |       |     1 |     1 |       ||     2
Armor: Robe              |    12 |    41 |    34 |    36 ||   123
Dodge: Dodged            |    28 |    87 |   118 |   221 ||   454
Block: Buckler           |       |       |       |    30 ||    30
